 Dungeon Crawl Stone Soup version 0.19.0 (webtiles) character file.

125 PrincessPwny the Ruffian (level 4, -4/67 HPs)
             Began as a Troll Berserker on Nov 6, 2016.
             Was a Believer of Trog.
             Slain by an ogre
             ... wielding a +0 giant club
              (9 damage)
             ... on level 3 of the Dungeon.
             The game lasted 00:13:54 (2823 turns).

PrincessPwny the Ruffian (Troll Berserker)          Turns: 2823, Time: 00:13:54

Health: -4/67      AC:  6    Str: 31    XL:     4   Next: 82%
Magic:  3/3        EV: 10    Int:  3    God:    Trog [**....]
Gold:   87         SH:  0    Dex:  9    Spells: 0 memorised, 3 levels left

rFire  . . .     SeeInvis .       - Unarmed
rCold  . . .     Gourm    +     a - +0 animal skin
rNeg   . . .     Faith    .     (no shield)
rPois  .         Spirit   .     k - +1 hat
rElec  .         Reflect  .     (no cloak)
rCorr  .         Harm     .     (gloves unavailable)
MR     .....                    (boots unavailable)
Stlth  ..........               (no amulet)
                                (no ring)
                                (no ring)

@: berserking (expiring), very quick
A: unfitting armour, claws 3, fast metabolism 3, gourmand, regeneration 1,
shaggy fur 1, tough skin 2
a: Berserk, Trog's Hand, Burn Spellbooks, Renounce Religion


You were on level 3 of the Dungeon.
You worshipped Trog.
Trog was pleased with you.
You were full.

You visited 1 branch of the dungeon, and saw 4 of its levels.

You collected 87 gold pieces.

Inventory:

Armour
 a - a +0 animal skin (worn)
 k - a +1 hat (worn)
Scrolls
 i - a scroll of identify
 l - a scroll of remove curse
Potions
 c - a potion of heal wounds
 e - 2 potions of ambrosia {unknown}
 g - 2 potions of mutation {unknown}
 h - a potion of degeneration {unknown}
Comestibles
 b - 5 bread rations
 f - a meat ration
 j - a beef jerky


   Skills:
 * Level 3.3 Fighting
 + Level 2.8 Dodging
 + Level 4.5 Unarmed Combat


You had 3 spell levels left.
You didn't know any spells.

Dungeon Overview and Level Annotations

Branches:
Dungeon (4/15)
 Temple: D:4-7

Altars:
Trog

Annotations:
D:4 Grinder


Innate Abilities, Weirdness & Mutations

You are too large for most types of armour.
You have claws for hands.
Your metabolism is lightning-fast.
You like to eat raw meat.
Your natural rate of healing is unusually fast.
You are covered in fur. (AC +1)
You have very tough skin. (AC +2)


Message History

The orc wizard gestures at you while chanting.
The magic dart hits you!
You closely miss the ogre.
The orc wizard gestures wildly while chanting.
The orc wizard blinks!
The ogre hits you with a giant club!!
Ouch! That really hurt!
* * * LOW HITPOINT WARNING * * *
An orc comes into view. It is wielding a hand axe.
The orc shouts!
A red film seems to cover your vision as you go berserk!
You feel yourself moving faster!
You feel mighty!
You feel a lot less full.
You can't go down here!
You feel a strong urge to attack something.
The ogre barely misses you.
You climb upwards.
There is a stone staircase leading down here.
You see here a sling bullet.
You closely miss the ogre. You barely miss the ogre.
The ogre hits you with a giant club!
You die...

#....# #.....##......... .....#
##.....##......... .....#
#................. .....#
#####......###........ .....#
#..(.......# ##.#.##.. .#####
#.####.....####.#.###. ...#
####.# #..<.......#.# #.
.#.######....# #############.# #(
.#.##...#.#### #@O(.(.######.# #.
##.##.#.#.######(###.......#.# #.
....#.#...........<........#.# #.
#####.###.#####..............# ##
#....#.# #.#............####
#####...#.#####.#................
#.......#.#...#......(......#####
#.....#.#.#.#...............#
#.......#.#.#####.....#####.#####


You could see an ogre.

Vanquished Creatures
  5 adders
  6 worms
  A dart slug (D:2)
  2 leopard geckos (D:1)
  An orc (D:3)
  A ball python (D:1)
  2 bats
  2 giant cockroaches
  7 goblins
  3 hobgoblins
  7 jackals
  5 kobolds
  2 quokkas (D:3)
  6 frilled lizards
  9 rats
  A bush (D:1)
60 creatures vanquished.

Notes
Turn   | Place    | Note
-------+----------+-------------------------------------------
     0 | D:1      | PrincessPwny the Troll Berserker began the quest for the Orb.
     0 | D:1      | Reached XP level 1. HP: 22/22 MP: 0/0
   428 | D:1      | Reached XP level 2. HP: 29/29 MP: 1/1
  1310 | D:2      | Reached XP level 3. HP: 36/36 MP: 2/2
  1354 | D:2      | Reached skill level 4 in Unarmed Combat
  1482 | D:2      | Reached ** piety under Trog
  1905 | D:3      | Reached XP level 4. HP: 40/44 MP: 3/3
  2476 | D:3      | Noticed a moth of wrath
  2479 | D:3      | Found a bloodstained altar of Trog.
  2809 | D:4      | Noticed an ogre
  2811 | D:4      | Noticed Grinder
  2818 | D:4      | HP: 2/45 [ogre/giant club (31)]
  2823 | D:3      | Slain by an ogre

Skill      XL: |  1  2  3  4 |
---------------+-------------+-----
Unarmed Combat | 4 |  4.5
Fighting       | 3 |  3.3
Dodging        | |  2.8

Action                   |  1- 3 |  4- 6 || total
-------------------------+-------+-------++-------
Melee: Unarmed           |   138 |    57 ||   195
       Punch             |     1 |     2 ||     3
Invok: Berserk           |     1 |     1 ||     2
  Use: Scroll            |     5 |     1 ||     6
  Eat: Chunk             |    22 |     7 ||    29
Armor: Animal skin       |    39 |    13 ||    52
Dodge: Dodged            |    44 |    20 ||    64
